[Event "15th Tashkent Open Agzamov 2022"]
[Site "Tashkent"]
[Date "2022.05.05"]
[Round "1.10"]
[White "Vakhidov, Jakhongir"]
[Black "Bakhrillaev, Bakhrom"]
[Result "1-0"]
[ECO "E68"]
[WhiteElo "2552"]
[BlackElo "2086"]
[Annotator "TA"]
[PlyCount "65"]
[EventDate "2022.05.05"]
[EventType "swiss"]
[EventCountry "UZB"]
[SourceTitle "playchess.com"]
[Source "ChessBase"]
[SourceQuality "1"]
[TimeControl "5400+30"]

1. c4 Nf6 2. Nc3 g6 3. g3 Bg7 4. Bg2 O-O 5. d4 d6 6. Nf3 Nbd7 7. O-O e5 8. e4 exd4 9. Nxd4 Re8 10. h3 a6 11. Be3 Rb8 12. b3 {E68: King's Indian: Fianchetto: 6...Nbd7 7 0-0 e5 8 e4.} Ne5 13. a4 a5 (13... Nfd7 $11 {feels stronger.}) 14. Qc2 {White is slightly better.} Nfd7 15. Rad1 Nc6 $1 16. Qd2 Nxd4 17. Bxd4 Bxd4 18. Qxd4 b6 19. f4 {[%cal Oe4e5,Bf2f4,Bf4e5][%mdl 32] [#]} Bb7 $146 (19... f6 $1 $11 {remains equal.}) ({Predecessor:} 19... f6 20. Nd5 Rf8 21. f5 g5 22. h4 h6 23. Bf3 Bb7 24. Bh5 Ne5 25. Rf2 Kg7 26. Kg2 Qd7 27. Rh1 Rbc8 28. Qd1 Bxd5 29. exd5 Rh8 30. Rff1 {½-½ (30) Rawlings,A (2409)-Le Page,C (2358) ICCF email 2011}) 20. e5 $1 $16 Bxg2 21. Kxg2 Nc5 {[#]} 22. Nd5 $1 $36 {[%cal Bc3d5,Bd5f6,Bf6d7][%mdl 2080] White is on the roll.} Re6 (22... Nxb3 $2 23. Qb2 Nc5 24. exd6 (24. Nf6+ Kf8 $18) 24... cxd6 25. Nf6+ Kf8 26. Nxh7+ Kg8 27. Nf6+ Kf8 28. Nh7+ Kg8 29. Nf6+ Kf8 30. Nh7+ $18) 23. Rf3 {White is much more active. The black rooks are badly placed.} ({Don't do} 23. Nf6+ Rxf6 24. exf6 Nxb3) 23... dxe5 $2 {Loses the game.} (23... Nd7 $16) 24. fxe5 $18 {Hoping for Nf6+.} Qg5 25. Nf6+ ({Stronger than} 25. Nxc7 Rxe5 26. Nd5 Re2+ 27. Kg1 Qe5 28. Qxe5 Rxe5 $11) 25... Kg7 (25... Kh8 $142 26. Re1 Rf8) 26. Re1 c6 $2 (26... Rf8 27. h4 Qh6) 27. h4 Qh6 28. Ref1 {[#] And now Ng4 would win.} Rf8 29. Nd7 Kg8 (29... Nxd7 $142 30. Qxd7 Rfe8 31. Rxf7+ Kg8) 30. Nxb6 Nb7 31. Nd7 Rd8 32. Rxf7 Kh8 33. Rf8+ {Weighted Error Value: White=0.19 (very precise) /Black=0.75} 1-0

[Event "15th Tashkent Open Agzamov 2022"]
[Site "Tashkent"]
[Date "2022.05.05"]
[Round "2.1"]
[White "Bernadskiy, Vitaliy"]
[Black "Urazayev, Arystanbek"]
[Result "1/2-1/2"]
[ECO "D31"]
[WhiteElo "2636"]
[BlackElo "2445"]
[Annotator "TA"]
[PlyCount "49"]
[EventDate "2022.05.05"]
[EventType "swiss"]
[EventCountry "UZB"]
[SourceTitle "playchess.com"]
[Source "ChessBase"]
[SourceQuality "1"]
[TimeControl "5400+30"]

1. c4 e6 2. Nc3 d5 3. d4 a6 4. g3 dxc4 5. Bg2 Nf6 6. Qa4+ {[%emt 0:03:53] D31: Queen's Gambit Declined: Semi-Slav without ...Nf6 (+ Marshall Gambit and Noteboom) and Exchange Variation lines without ...Nf6.} Nbd7 7. Qxc4 b5 8. Qd3 Rb8 {[%emt 0:00:14] [#]} 9. Nh3 $146 ({Predecessor:} 9. Bf4 Bd6 10. Nf3 Bb7 11. O-O Bxf4 12. gxf4 c5 13. dxc5 Nxc5 14. Qxd8+ Rxd8 15. Rac1 {½-½ (31) Xu,J (2498)-Zhou,W (2563) Beijing 2009}) 9... Bb7 10. Bxb7 Rxb7 11. Be3 c5 12. dxc5 Bxc5 13. Rd1 {[%emt 0:01:53] [#] And now Bxc5 would win.} Bxe3 14. Qxe3 O-O 15. O-O Qb6 16. Qf4 h6 17. Rd6 Qa7 18. Rfd1 Rc8 19. Ne4 Rbc7 20. Nxf6+ Nxf6 21. Rd8+ Rxd8 22. Rxd8+ Kh7 23. Qd2 {[%emt 0:07:17] Against Rc2} (23. Qf3 $11) 23... Qb7 ({Better is} 23... g5 $15) 24. f3 Qb6+ 25. Nf2 {[%emt 0:04:31] Weighted Error Value: White=0.15 (very precise) /Black=0.09 (flawless)} (25. Kg2 $11) 1/2-1/2

[Event "15th Tashkent Open Agzamov 2022"]
[Site "Tashkent"]
[Date "2022.05.05"]
[Round "2.2"]
[White "Sindarov, Javokhir"]
[Black "Assaubayeva, Bibisara"]
[Result "1-0"]
[ECO "B90"]
[WhiteElo "2609"]
[BlackElo "2439"]
[Annotator "TA"]
[PlyCount "77"]
[EventDate "2022.05.05"]
[EventType "swiss"]
[EventCountry "UZB"]
[SourceTitle "playchess.com"]
[Source "ChessBase"]
[SourceQuality "1"]
[TimeControl "5400+30"]

1. e4 c5 2. Nf3 d6 3. d4 cxd4 4. Nxd4 Nf6 5. Nc3 a6 6. a3 e5 {[%emt 0:00:31] B90: Sicilian Najdorf: Unusual White 6th moves, 6 Be3 Ng4 and 6 Be3 e5.} 7. Nf5 $1 {[%emt 0:00:07] 7.Nf5 scores better than 7.Nf3.} d5 8. Bg5 d4 {[%emt 0:00:08] The position is equal.} 9. Bxf6 gxf6 10. Nb1 ({But not} 10. Bc4 $2 Bxf5 11. exf5 dxc3 $19) 10... Bxf5 11. exf5 Qd5 12. Qd3 Nd7 13. Nd2 Bh6 14. Ne4 {[%emt 0:04:01] [#]} Qc6 $146 ({Predecessor:} 14... Rc8 15. c4 Rxc4 16. Be2 Rc6 17. b4 Ke7 18. O-O Rhc8 19. Bd1 Rc1 20. Bb3 Qb5 21. Qxb5 axb5 22. Rfxc1 Rxc1+ 23. Rxc1 Bxc1 {1-0 (52) Raczynski,K (2194)-Majek,K (2100) Krakow 2021}) 15. Be2 Nc5 16. Nxc5 Qxc5 17. Bf3 Qa5+ 18. Ke2 Qc7 19. Rhd1 O-O-O 20. Be4 Kb8 21. a4 Bf8 22. b4 Bxb4 23. a5 $1 {[%emt 0:01:07] aiming for Rdb1.} Rd7 $1 24. Rab1 Qc3 {[%emt 0:07:13] [#] Black is now going downhill.} (24... Qxa5 $14 25. Qb3 Bc3) 25. Rb3 $1 $16 {[%emt 0:01:01] The board is on fire.} Qxd3+ 26. cxd3 Bxa5 27. Ra1 Bd8 28. Rxa6 Rg8 29. Rb1 {[%emt 0:01:38][%mdl 1024] White has strong compensation.} h6 30. g3 Rh8 31. Kf3 {[%emt 0:00:21] White is much more active.} Rg8 32. Ra2 Rg5 33. Rab2 b6 (33... Kc7 $142 34. Rxb7+ Kd6) 34. Rc2 $18 {[%emt 0:00:07] [#] Ra1 is the strong threat.} Rg8 35. Rc6 h5 36. Rbc1 {[%emt 0:00:44] Intending Rc8+ and mate.} Rc7 {[%emt 0:01:18] Prevents Rc8+.} 37. Rxb6+ Kc8 38. Bc6 Rg5 $2 (38... e4+ 39. dxe4 Ra7) 39. Ra6 {[%emt 0:00:21] Weighted Error Value: White=0.03 (flawless) /Black=0.22 (precise)} 1-0

[Event "15th Tashkent Open Agzamov 2022"]
[Site "Tashkent"]
[Date "2022.05.05"]
[Round "2.3"]
[White "Agmanov, Zhandos"]
[Black "Iskandarov, Misratdin"]
[Result "1-0"]
[ECO "C84"]
[WhiteElo "2420"]
[BlackElo "2601"]
[Annotator "TA"]
[PlyCount "117"]
[EventDate "2022.05.05"]
[EventType "swiss"]
[EventCountry "UZB"]
[SourceTitle "playchess.com"]
[Source "ChessBase"]
[SourceQuality "1"]
[TimeControl "5400+30"]

1. e4 {[%emt 0:00:11] Reeh,O} e5 2. Nf3 Nc6 3. Bb5 a6 4. Ba4 Nf6 5. O-O Be7 6. d3 d6 7. c3 O-O 8. Re1 b5 9. Bc2 Re8 10. Nbd2 {[%emt 0:03:41] C84: Closed Ruy Lopez: Unusual White 6th moves.} Bf8 11. a4 {[%emt 0:01:02] Black must now prevent axb5.} Rb8 12. Nf1 {[%emt 0:03:10] White is slightly better.} g6 (12... b4 $11 {deserves consideration.}) 13. Ng3 Bg7 14. h3 b4 15. a5 bxc3 16. bxc3 {[%emt 0:00:27] [#]} Na7 $146 ({Predecessor:} 16... Bd7 17. Bb3 Rb5 18. Ba4 Rxa5 19. Ra3 Rc5 20. d4 exd4 21. cxd4 Rb5 22. Bxb5 axb5 {1-0 (44) Jakovenko,D (2691)-Akopian,V (2700) Moscow 2007 CBM 117 [Reeh,O]}) 17. Be3 c5 18. d4 exd4 19. cxd4 cxd4 (19... Nd7 $11) 20. Nxd4 $16 Rb7 21. Qd2 h5 22. Bg5 Nb5 23. Nxb5 {[%emt 0:03:58] White is more active.} Rxb5 24. Bd3 (24. Ba4 $16 Rxg5 25. Qxg5) 24... Rbe5 $11 25. f4 Rxg5 26. fxg5 Nh7 27. Rac1 h4 (27... Nxg5 $11 28. Rxc8 Nxh3+ 29. gxh3 Qxc8) 28. Ne2 $14 Re5 29. Nd4 Rxg5 $2 (29... Bxh3 $16 30. Nf3 (30. gxh3 Rxg5+ 31. Kh1 Bxd4 $11) (30. Bxa6 Rxa5 31. Bf1 Qxg5 $11) 30... Bd7) 30. Nc6 $18 Qe8 {[%emt 0:00:06] [#]} 31. Ne7+ $1 Qxe7 32. Rxc8+ Nf8 33. Bc4 {[%emt 0:06:12] And now Rf1 would win.} Kh7 {[%emt 0:06:11] [#]} 34. Bxf7 $1 {[%emt 0:04:59][%mdl 512] Chess con chili.} Rg3 (34... Qe5 35. Qf2) 35. Qf4 (35. Ba2 $18) 35... Bh6 $2 (35... Be5 $16 {was worth a try.} 36. Qf2 Ne6 37. Bxe6 (37. Re8 Qxe8 38. Bxe8 Bd4 $16) 37... Qxe6 38. Rc7+ Kh6) 36. Qf2 Qd7 37. Rxf8 Bxf8 38. Bxg6+ $1 Kxg6 (38... Rxg6 {was necessary.} 39. Qxf8 Qa7+ 40. Kh1 Qg7) 39. Qxf8 {[%emt 0:00:02] Threatens to win with Rd1.} Qxh3 $2 (39... Qg7 40. Qxd6+ Kh7) 40. Qxd6+ {[%emt 0:00:27][%mdl 4096] Endgame KQR-KQR} (40. Re2 $142 Qe6 41. Rd2) 40... Kh7 41. Qc7+ (41. Re2 Rg7 $16) 41... Kh6 42. Qc6+ (42. Re2 Qg4 $16) 42... Kh5 (42... Kh7 $142 43. Qb7+ Kh8 44. Qa8+ Kh7 45. Qb7+ Kh8 46. Qb8+ Kh7 47. Qc7+ Kh6 48. Qc6+ (48. Re2 Qg4 $16) 48... Kh7 49. Qb7+) 43. Qd5+ (43. Qe8+ $142 Kh6 44. Re2 Rxg2+ 45. Rxg2 Qe3+ 46. Kf1 Qf3+ 47. Ke1 Qe3+ 48. Kd1 (48. Kf1 Qf3+ 49. Ke1 Qe3+ 50. Kd1 Qb3+ 51. Ke2 Qc4+ 52. Kf3 Qf1+ 53. Ke3 Qc1+ 54. Kd4 Qd1+ 55. Kc4 Qf1+ 56. Kd5 Qd1+ 57. Ke6 Qb3+ 58. Ke5 Qc3+ 59. Kd5 Qd3+ 60. Kc5 Qa3+ 61. Kb6 Qb4+ 62. Ka7 Qd4+ 63. Kb7 Qf6) 48... Qd3+ 49. Rd2 Qf1+ 50. Kc2 Qc4+ 51. Kb2 Qb4+ 52. Kc1 Qc3+ 53. Kd1 Qb3+ 54. Ke2 Qc4+ 55. Rd3 Qc2+ 56. Ke3 Qc1+ 57. Kd4) 43... Kh6 44. Qd2+ (44. Re2 Rg6 45. Qd2+ Kh7 $18) (44. e5 $142 {White threatens e6 and mate.} Qf5 45. Rf1) 44... Kg6 (44... Kh7 $142 45. Rb1 Qc8) 45. Qd6+ (45. Rb1 $142 Qc8 46. Rb6+ Kh7 47. Rh6+ Kg7 48. Rxh4 Qc5+ 49. Kh1) 45... Kh7 46. Qc7+ $2 ({Not} 46. Re2 Rg7 $16) (46. Qe7+ $1 Kg8 47. Qe8+ (47. Re2 Qc8 $18) 47... Kh7 48. Qf7+ (48. Re2 Rg7 $18) 48... Kh8 49. Qh5+ (49. Re2 Qc8 $18) 49... Kg7 50. Qe5+ Kh7 51. Qc7+ Kh6 52. Qd6+ (52. Re2 Qg4 $18) 52... Kh7) 46... Kh6 $1 47. Qc6+ $2 (47. Re2 Qg4 $16) (47. Qb6+ Kh7 48. Qc7+) 47... Kh5 48. e5 {[%emt 0:00:32] Intending e6 and mate.} Qf5 49. Qe8+ $2 (49. e6 {Threatening mate with e7.} Rg6 50. e7 $1 Rxc6 51. e8=Q+ Rg6 52. Re5) 49... Kg5 $2 (49... Rg6 {might work better.} 50. Qh8+ Rh6) 50. Qg8+ Kh5 51. Qh8+ Kg5 52. Qd8+ $1 ({And not} 52. e6 Rxg2+ 53. Kxg2 Qd5+ 54. Kf1 Qf3+ 55. Kg1 Qg4+ 56. Kf2 Qf5+ 57. Ke2 Qxe6+ 58. Kf2 Qf5+ 59. Kg2 Qg4+ 60. Kf2 Qf5+ 61. Kg1 Qg4+ 62. Kf2 Qf4+ 63. Ke2 Qe4+ 64. Kd2 Qd5+ 65. Ke3 Qe6+ 66. Kf2 Qf5+ $11) 52... Kh5 53. Qe8+ $2 (53. Qd1+ $1 $18 Rg4 54. Re3) 53... Kg5 $11 54. Qd8+ $2 (54. Rf1 $11 Rxg2+ 55. Kxg2 Qg4+ 56. Kh2 Qg3+ 57. Kh1 Qh3+ 58. Kg1 Qg3+ 59. Kh1 Qh3+ 60. Kg1 Qg3+ 61. Kh1) 54... Kh5 $18 {[%emt 0:00:16] [#]} 55. Qd1+ $1 Kg6 $2 (55... Rg4 56. Kh1 Kg6 57. Qd6+ Kg5 58. Qd8+ (58. e6 Re4 $16) 58... Kh6 59. Qh8+ Kg6) 56. Qd6+ Kh5 $2 {[%emt 0:01:41] [#]} (56... Kg7 $18 57. e6 Qf3 58. Qc7+ Kg8 59. Qb8+ Qf8) 57. e6 $1 {[%emt 0:00:41] White mates.} Qg6 58. Qd5+ Rg5 59. Qf3+ {[%emt 0:00:31] Weighted Error Value: White=0.93/Black=0.47} 1-0

[Event "15th Tashkent Open Agzamov 2022"]
[Site "Tashkent"]
[Date "2022.05.05"]
[Round "2.4"]
[White "Sanal, Vahap"]
[Black "Abdisalimov, Abdimalik"]
[Result "1-0"]
[ECO "B51"]
[WhiteElo "2575"]
[BlackElo "2435"]
[Annotator "TA"]
[PlyCount "77"]
[EventDate "2022.05.05"]
[EventType "swiss"]
[EventCountry "UZB"]
[SourceTitle "playchess.com"]
[Source "ChessBase"]
[SourceQuality "1"]
[TimeControl "5400+30"]

1. e4 c5 2. Nf3 d6 3. Bb5+ Nd7 4. O-O a6 5. Bd3 Ngf6 6. Re1 {[%emt 0:00:10] B51: Sicilian: Moscow Variation (3 Bb5+) without 3...Bd7.} g6 7. c3 b5 8. Bc2 {[%emt 0:03:09] White is slightly better.} Bg7 9. d4 cxd4 10. cxd4 O-O {[%emt 0:00:04] [#]} 11. Bd2 $5 $146 {[%emt 0:02:21][%mdl 8] New and interesting.} ({Predecessor:} 11. a3 Bb7 12. Nc3 Nb6 13. Qe2 Rc8 14. Bd3 Qc7 15. Bf4 Nh5 16. Be3 Nc4 17. Bxc4 Qxc4 18. Qxc4 Rxc4 {½-½ (51) Pancevski,F (2519)-Nanu,C (2514) Tornelo INT 2021}) 11... a5 12. e5 (12. Nc3 $142) 12... dxe5 $11 13. dxe5 Ng4 14. Bf4 (14. Be4 Ra6 15. Bf4 Ngxe5 16. Nxe5 Bxe5 17. Bxe5 Nxe5 $17) 14... Qb6 15. Qe2 Bb7 {[%emt 0:02:16] next ...Rac8 is good for Black.} 16. Nbd2 Rac8 17. Rac1 Nc5 18. Bg5 (18. Ng5 $11 h5 19. h3) 18... Ne6 $1 $17 19. Bxe7 $2 (19. Be3 $17 Nxe3 20. Qxe3 Qxe3 21. fxe3) 19... Rfe8 $1 $19 20. Bd6 Nf4 $2 (20... Bh6 $19 {and Black stays clearly on top. ...Bxf3 is the strong threat.} 21. h3 Nf4 $1) 21. Qf1 $17 b4 (21... a4 $17 {aiming for ...b4.} 22. Be4 Bxe5 23. Nxe5 Nxe5 24. Rxc8 Bxc8 25. Bxe5 Rxe5) 22. Bb3 $1 $11 Rxc1 (22... Nxf2 {keeps more tension.} 23. Rxc8 N2h3+ 24. Kh1 Rxc8 25. gxh3 Qd4) 23. Rxc1 {[%emt 0:00:55][%cal Ob3f7] Really sharp!} Bxf3 ({But not} 23... Bxe5 {[#]} 24. Bxf7+ $1 (24. Nc4 Qc6 $16) 24... Kxf7 25. Nc4 $1 $16) (23... Nxe5 24. Bxe5 Bxe5 25. Re1 $16 (25. Nc4 Qf6 $14)) 24. Nxf3 Bxe5 25. Nxe5 Nxe5 26. Ba4 Re6 $1 27. Bc5 Qb7 28. Rd1 {[%emt 0:03:48] Against Ned3} h5 {[%emt 0:03:27][%cal Oe5f3] And now ...Nf3+! would win.} 29. Bb3 {[%emt 0:01:46] This bishop pair is nice.} Re8 (29... Rf6 $1 $11 {is more appropriate.}) 30. Be3 $36 {[%emt 0:00:46][%mdl 2048] White is pushing.} g5 31. h3 (31. h4 $5) 31... Nxh3+ $2 32. gxh3 $18 Nf3+ 33. Kh1 {[%emt 0:00:06] Threatens to win with Bd5.} Re5 {[%emt 0:00:06] Inhibits Bd5.} 34. Qg2 g4 35. Rc1 Qd7 36. Bd1 Nh4 37. Qa8+ Kg7 (37... Re8 $142 38. Qc6 (38. Qxa5 Qb7+ 39. f3 Nxf3 $15) 38... Qxc6+ 39. Rxc6 Nf5 40. hxg4 hxg4) 38. Qc6 Qd3 (38... Qxc6+ $18 39. Rxc6 Nf5) 39. Qh6+ {[%emt 0:00:14] Quite a comeback for White.  Weighted Error Value: White=0.30/Black=0.53} 1-0

[Event "15th Tashkent Open Agzamov 2022"]
[Site "Tashkent"]
[Date "2022.05.05"]
[Round "2.5"]
[White "Tillyaev, Ulugbek"]
[Black "Romanov, Evgeny"]
[Result "0-1"]
[ECO "A50"]
[WhiteElo "2334"]
[BlackElo "2573"]
[Annotator "TA"]
[PlyCount "78"]
[EventDate "2022.05.05"]
[EventType "swiss"]
[EventCountry "UZB"]
[SourceTitle "playchess.com"]
[Source "ChessBase"]
[SourceQuality "1"]
[TimeControl "5400+30"]

1. Nf3 Nf6 2. c4 b6 3. g3 Bb7 4. Bg2 g6 5. O-O Bg7 6. Nc3 O-O 7. d4 Ne4 8. Nxe4 Bxe4 9. Be3 c5 {[%emt 0:02:24] A50: Queen's Fianchetto Defence (1 d4 Nf6 2 c4 b6).} 10. Qd2 d6 11. Bh6 Nd7 {[%emt 0:00:37] The position is equal.} 12. Bxg7 Kxg7 13. Rfd1 Qc7 {[%emt 0:01:12] [#]} 14. b3 $146 ({Predecessor:} 14. Rac1 Qb7 15. b3 cxd4 16. Qxd4+ Nf6 17. Nh4 Rfc8 18. Bxe4 Qxe4 19. Qxe4 Nxe4 20. Ng2 {½-½ (59) Esipenko,A (2445)-Eliseev,U (2601) Moscow 2016}) 14... Qb7 15. h4 Nf6 16. Ne1 (16. Bh3 {keeps more tension.} e6 17. Ng5 Bc6 18. d5) 16... Bxg2 17. Nxg2 Rac8 18. Rac1 b5 19. Ne3 bxc4 20. Rxc4 cxd4 21. Qxd4 Rxc4 22. bxc4 Qe4 23. Qb2 Rc8 24. Rd3 Rc5 25. Nd5 (25. Ra3 $11) 25... Qxc4 $15 26. Nxe7 (26. Nxf6 $17 Qc1+ 27. Qxc1 Rxc1+ 28. Kg2 Kxf6 29. Ra3) 26... Rb5 ({Better is} 26... Qe6 $1 $19 27. Re3 Re5 28. Rxe5 dxe5) 27. Qa1 $17 Qe4 (27... Qc2 $17 {Threatens to win with ...Rb1+.} 28. Qc3 Rb1+ 29. Kg2 Qxe2) 28. a4 $11 Qxe2 {[%emt 0:12:41] And now ...Rb2 would win.} 29. Nd5 $2 (29. axb5 $11 {and White has nothing to worry.} Qxd3 30. g4) 29... Rb2 $19 ({Don't do} 29... Qxd3 30. Qxf6+ Kh6 31. Qg5+ Kg7 32. axb5 Qd1+ 33. Kg2 $18) 30. Qf1 {[%emt 0:00:51] [#]} Qxf1+ $1 31. Kxf1 {[%emt 0:00:01][%mdl 4096] Endgame KRN-KRN} Ne4 32. Rd4 f5 ({Worse is} 32... Nxf2 33. Nc3 $17) ({Black should play} 32... Rxf2+ $19 33. Ke1 {[#]} Rf5 $1) 33. g4 $2 {[%emt 0:00:30] This move loses the game for White.} (33. Ke1 $17 {keeps fighting.}) 33... Rxf2+ 34. Ke1 Ra2 ({Not} 34... fxg4 35. Rxe4 g3 36. Rf4 $14) 35. gxf5 gxf5 36. Ne3 Kf6 {[%emt 0:00:39] Hoping for ...a5. Black is clearly winning.} 37. Rb4 a5 38. Rd4 Ke6 39. Rd3 Ke5 {[%emt 0:07:36] Weighted Error Value: White=0.33/Black=0.15 (very precise)} 0-1

[Event "15th Tashkent Open Agzamov 2022"]
[Site "Tashkent"]
[Date "2022.05.05"]
[Round "2.6"]
[White "Van Foreest, Lucas"]
[Black "Saydaliev, Saidakbar"]
[Result "1-0"]
[ECO "E04"]
[WhiteElo "2572"]
[BlackElo "2343"]
[Annotator "TA"]
[PlyCount "77"]
[EventDate "2022.05.05"]
[EventType "swiss"]
[EventCountry "UZB"]
[SourceTitle "playchess.com"]
[Source "ChessBase"]
[SourceQuality "1"]
[TimeControl "5400+30"]

1. d4 Nf6 2. c4 e6 3. Nf3 d5 4. g3 dxc4 5. Bg2 a6 6. O-O Nc6 7. Qc2 {[%emt 0:00:05] E04: Open Catalan: 5 Nf3.} (7. e3 $5 ) 7... Nb4 (7... Nxd4 $11 8. Nxd4 Qxd4) 8. Qxc4 $16 b5 9. Qb3 {[%emt 0:00:24] White is better.} Bb7 10. a3 Nbd5 {[%emt 0:01:23] [#]} 11. Qc2 $146 {[%emt 0:11:24] Inhibits c5.} ({Predecessor:} 11. a4 b4 12. Nbd2 c5 13. e4 Nb6 14. a5 Nbd7 15. e5 Nd5 16. Nc4 cxd4 17. Nxd4 Bc5 18. Rd1 O-O 19. Nf5 {½-½ (19) Wells,J (2004)-Sedykh,M (2143) Torquay 2019}) 11... Qc8 12. e4 Nb6 13. Re1 {[%emt 0:00:11] Strongly threatening d5.} Be7 14. Bg5 Nbd7 (14... h6 $142 15. Bxf6 Bxf6) 15. Nbd2 c5 16. d5 exd5 (16... e5 {was worth a try.} 17. Bxf6 Bxf6) 17. exd5 Bxd5 18. Nh4 Bxg2 19. Nf5 (19. Kxg2 $6 Kf8 $14) (19. Nxg2 $6 Qd8 $11) ({White should play} 19. Bxf6 $18 gxf6 20. Nf5) 19... Kf8 20. Kxg2 {[%emt 0:20:33] White is more active.} ({Reject} 20. Rxe7 $6 Qc6 21. f3 (21. Qb3 Bd5 $15) 21... Bh3 $14) (20. Nxe7 $16 Qb7 21. Qf5 (21. Bxf6 gxf6 22. Nf5 Bh3 $14)) 20... Qc6+ {[%emt 0:03:09] [#]} (20... h6 $14) 21. Kg1 (21. Nf3 $1 $18 {is the precise move to win.} Re8 22. Rad1 (22. Rxe7 Rxe7 23. Nxe7 Kxe7 $11)) 21... Bd6 (21... Re8 $16) 22. Rad1 Bc7 $2 (22... Kg8 {was necessary.} 23. Nxd6 Qxd6) 23. Ne7 $18 Qb7 24. Bxf6 Nxf6 {[%emt 0:00:54] [#]} 25. Ne4 $1 {[%emt 0:01:41] Pair of Knights!} Be5 (25... Nxe4 26. Rxe4) 26. Nf5 Nxe4 27. Rxe4 Qc7 (27... Bf6 $142 28. Qxc5+ Kg8) 28. Rd5 $1 Bf6 29. Rxc5 Qd8 30. Rc7 {[%emt 0:00:58] aiming for Qc6.} Qd5 {[%emt 0:03:01] [#]} 31. Rd4 $3 Qe6 {[%emt 0:00:38] Against Rc8+} (31... Bxd4 32. Rc8+) 32. Rdd7 Re8 33. Qc5+ Kg8 34. Ne7+ Kf8 35. Nf5+ Kg8 36. Ne7+ (36. Nd6 $142 Rd8 37. Rxd8+ Bxd8 38. Rc8) 36... Kf8 $1 {[%emt 0:00:08] [#]} 37. Ng6+ $2 (37. Rc8 $1 {[%mdl 512] Threatening mate with Rxe8+.} Qe1+ (37... g6 38. Nf5+) 38. Kg2 Qe4+ 39. Kh3 Qxe7 40. Rdd8) 37... Kg8 38. Nxh8 Qh3 $2 {[%emt 0:01:44] [#]} (38... Qe1+ 39. Kg2 Qe4+ 40. f3 Qe2+ 41. Qf2 Kxh8 42. Qxe2 Rxe2+ 43. Kf1 Re8) 39. Qe3 $3 {[%emt 0:01:18] Weighted Error Value: White=0.82/Black=0.69} 1-0

[Event "15th Tashkent Open Agzamov 2022"]
[Site "Tashkent"]
[Date "2022.05.05"]
[Round "2.8"]
[White "Muradli, Mahammad"]
[Black "Abdurakhmonov, Mukhammadali"]
[Result "0-1"]
[ECO "E01"]
[WhiteElo "2539"]
[BlackElo "2308"]
[Annotator "TA"]
[PlyCount "94"]
[EventDate "2022.05.05"]
[EventType "swiss"]
[EventCountry "UZB"]
[SourceTitle "playchess.com"]
[Source "ChessBase"]
[SourceQuality "1"]
[TimeControl "5400+30"]

1. c4 e6 2. Nf3 Nf6 3. g3 d5 4. d4 a6 5. Nbd2 dxc4 6. Nxc4 {[%emt 0:01:22] [#] E01: Catalan: Early deviations.} Bb4+ $146 ({Predecessor:} 6... c5 7. Bg2 Nc6 8. O-O cxd4 9. b3 Bc5 10. Bb2 O-O 11. Rc1 Re8 12. Nce5 Nxe5 13. Nxe5 Qd6 14. Nc4 Qd8 15. Ne5 Qd6 16. Nc4 Qd8 {½-½ (16) Svane,R (2615)-Bernadskiy,V (2594) Riga 2019}) 7. Bd2 Be7 8. Bg2 {[%emt 0:01:40] White is better.} Nc6 9. e3 O-O 10. O-O Ne4 11. Be1 Nd6 12. Nce5 Nxe5 13. Nxe5 Bd7 14. Ba5 Rc8 15. Rc1 Bb5 16. Re1 b6 17. Bb4 c5 18. dxc5 Nf5 19. Qb3 {[%emt 0:05:53] [#] And now cxb6 would win.} bxc5 20. Bc3 c4 21. Qc2 Qe8 22. e4 Nd6 23. Qe2 Nb7 24. Ng4 {[%emt 0:08:08] Threatens to win with e5.} Nc5 25. Rcd1 (25. e5 $11) 25... Na4 26. e5 {[%emt 0:00:56][%cal Og4f6] Strongly threatening Nf6+!} Nxc3 27. bxc3 h5 28. Ne3 g6 29. g4 h4 30. Rd4 (30. h3 $15 {is superior.}) 30... Bc5 $17 31. Rf4 (31. Rdd1 $142) 31... Qe7 32. Rf6 {[%emt 0:02:40] [#]} Qc7 $1 33. Nc2 (33. Nd1 $17) 33... Rfd8 34. Qe4 Bc6 35. Qf4 (35. Qxc6 {keeps fighting.} Qxc6 36. Bxc6 Rxc6 37. Kg2) 35... Bxg2 $19 36. Kxg2 Rd3 37. Ne3 (37. Qxc4 $142 Qc6+ 38. Qe4) 37... Rxc3 38. Qg5 $2 (38. Qe4 {might work better.}) 38... Qb7+ 39. Kh3 Kg7 {[%emt 0:02:51] aiming for ...Rd3.} ({Not} 39... Be7 $2 40. Kxh4 Rd3 41. Rc1 $19) 40. Kxh4 (40. Qf4 $142 Kg8 41. g5) 40... Bxe3 41. fxe3 Rc2 {[%emt 0:00:49][%csl LRa2,LRh2] ( -> ...Rh8+)} 42. Qf4 Rh8+ 43. Kg5 Qe7 (43... Rg2 $142 44. Rxg6+ fxg6 45. Qf6+ Kg8 46. Qxg6+ Qg7 47. Qxg7+ Kxg7) 44. h4 Rg2 {[%emt 0:00:00][%csl Gg6][%cal Rh8h5] Dancing on a razor blade.} ({Stronger than} 44... Rxa2 45. Rg1 $17) 45. Qe4 $2 (45. Qf3 Qc7 46. Kf4) 45... Rf2 $1 46. Qd4 Rd8 47. Qa1 Rd5 {[%emt 0:00:00] Weighted Error Value: White=0.78/Black=0.13 (very precise)} 0-1